| TOP OF THE 1ST |
|
Tulsa Drillers batting - Pitching for Tennessee Smokies : RHP Michele Montella
|
|
Pitching: RHP Michele Montella
|
|
|
Batting: RHB Steve Haskins
|
0-0: Ball 1-0: Ball 2-0: Ball 3-0: Called Strike 3-1: SINGLE (Line Drive, 8RS, EV 99.4 MPH)
|
|
Batting: RHB Jesse White
|
0-0: Called Strike 0-1: Called Strike 0-2: Foul Ball, location: 2F 0-2: Grounds into double play, 3-6-3 (Groundball, 3S, EV 87.5 MPH)
|
|
Batting: LHB Nick McGraw
|
0-0: Ball 1-0: Foul Ball, location: 2F 1-1: Foul Ball, location: 2F 1-2: Ball 2-2: Ground out 3-1 (Groundball, 34, EV 98.8 MPH)
|
| Top of the 1st over - 0 runs, 1 hit, 0 errors, 0 left on base; Tulsa 0 - Tennessee 0 |
| BOTTOM OF THE 1ST |
|
Tennessee Smokies batting - Pitching for Tulsa Drillers : RHP Eddie Usrey
|
|
Pitching: RHP Eddie Usrey
|
|
|
Batting: LHB Brent Dutcher
|
0-0: Foul Ball, location: 2F 0-1: Ball 1-1: Swinging Strike 1-2: Foul Ball, location: 2F 1-2: Strikes out swinging
|
|
Batting: RHB Adam Kelliher
|
0-0: Ball 1-0: Called Strike 1-1: Foul Ball, location: 2F 1-2: Foul Ball, location: 2F 1-2: Ball 2-2: Ground out 5-3 (Groundball, 56, EV 104.4 MPH)
|
|
Batting: LHB Brian Newton
|
0-0: Called Strike 0-1: Ball 1-1: Foul Ball, location: 2F 1-2: Ground out 6-3 (Groundball, 6M, EV 103.8 MPH)
|
| Bottom of the 1st over - 0 runs, 0 hits, 0 errors, 0 left on base; Tulsa 0 - Tennessee 0 |
| TOP OF THE 2ND |
|
Tulsa Drillers batting - Pitching for Tennessee Smokies : RHP Michele Montella
|
|
Batting: RHB Blake Beale
|
0-0: DOUBLE (Groundball, 5L, EV 108.1 MPH)
|
|
Pitching: LHP Nate George
|
|
|
Batting: RHB Dave Cordero
|
0-0: Ball 1-0: Fly out, F8 (Flyball, 78XD, EV 92.5 MPH) Runner from 2nd tags up, SAFE at 3rd, no throw by CF
|
|
Batting: SHB Xavier Alaniz
|
0-0: Swinging Strike 0-1: Ball 1-1: Ball 2-1: Ground out 6-3 (Groundball, 6S, EV 63.8 MPH) Blake Beale scores
|
|
Batting: LHB Miguel Medina
|
0-0: Ball 1-0: SOLO HOME RUN (Flyball, 89XD, EV 98.8 MPH), Distance : 415 ft
|
|
Batting: RHB Koen van Oort
|
0-0: Ground out 4-3 (Groundball, 4, EV 88.1 MPH)
|
| Top of the 2nd over - 2 runs, 2 hits, 0 errors, 0 left on base; Tulsa 2 - Tennessee 0 |
| BOTTOM OF THE 2ND |
|
Tennessee Smokies batting - Pitching for Tulsa Drillers : RHP Eddie Usrey
|
|
Batting: RHB Bobby Gray
|
0-0: Swinging Strike 0-1: Called Strike 0-2: Ball 1-2: Foul Ball, location: 2F 1-2: Ball 2-2: Ball 3-2: Strikes out swinging
|
|
Batting: RHB Heitaro Tanaka
|
0-0: Swinging Strike 0-1: Ball 1-1: Ball 2-1: Foul Ball, location: 2F 2-2: Fly out, F2 (Popup, 2R, EV 90.0 MPH)
|
|
Batting: RHB Heef Harted
|
0-0: SINGLE (Groundball, 4M, EV 105.0 MPH) (infield hit)
|
|
Batting: RHB Brian Warren
|
0-0: Called Strike 0-1: Ball 1-1: Swinging Strike 1-2: DOUBLE (Flyball, 89D, EV 93.8 MPH) Heef Harted to third
|
|
Batting: RHB Vij Ramamani
|
0-0: Ball 1-0: Ball 2-0: Fly out, F8 (Flyball, 8LM, EV 92.5 MPH)
|
| Bottom of the 2nd over - 0 runs, 2 hits, 0 errors, 2 left on base; Tulsa 2 - Tennessee 0 |
| TOP OF THE 3RD |
|
Tulsa Drillers batting - Pitching for Tennessee Smokies : LHP Nate George
|
|
Batting: RHB Billy Valadez
|
0-0: Ball 1-0: Ball 2-0: Ball 3-0: Base on Balls
|
|
Batting: RHB Steve Haskins
|
0-0: Swinging Strike 0-1: Ball 1-1: Ball 2-1: Swinging Strike 2-2: Strikes out swinging
|
|
Batting: RHB Jesse White
|
0-0: Called Strike 0-1: Ball 1-1: Swinging Strike 1-2: Ball 2-2: Ground out 4-3 (Groundball, 34, EV 101.9 MPH) Billy Valadez to second
|
|
Batting: LHB Nick McGraw
|
0-0: Swinging Strike 0-1: Swinging Strike 0-2: SINGLE (Groundball, 34S, EV 70.6 MPH) (infield hit) Billy Valadez to third
|
|
Batting: RHB Blake Beale
|
0-0: DOUBLE (Line Drive, 9LS, EV 109.4 MPH) Billy Valadez scores Nick McGraw to third
|
|
Batting: RHB Dave Cordero
|
0-0: Ball 1-0: Swinging Strike 1-1: DOUBLE (Flyball, 8RXD, EV 94.4 MPH) Nick McGraw scores Blake Beale scores
|
|
Pitching: RHP Bob Gilliam
|
|
|
Batting: SHB Xavier Alaniz
|
0-0: Ball 1-0: Fly out, F7 (Flyball, 7LD, EV 85.6 MPH)
|
| Top of the 3rd over - 3 runs, 3 hits, 0 errors, 1 left on base; Tulsa 5 - Tennessee 0 |
| BOTTOM OF THE 3RD |
|
Tennessee Smokies batting - Pitching for Tulsa Drillers : RHP Eddie Usrey
|
|
Batting: RHB John Iddings
|
0-0: Called Strike 0-1: Fly out, F3 (Flyball, 3D, EV 89.4 MPH)
|
|
Batting: LHB Brent Dutcher
|
0-0: Foul Ball, location: 2F 0-1: Ball 1-1: Ball 2-1: Ground out 6-3 (Groundball, 6, EV 90.0 MPH)
|
|
Batting: RHB Adam Kelliher
|
0-0: Ball 1-0: Ground out U3 (Groundball, 3, EV 85.6 MPH)
|
| Bottom of the 3rd over - 0 runs, 0 hits, 0 errors, 0 left on base; Tulsa 5 - Tennessee 0 |
| TOP OF THE 4TH |
|
Tulsa Drillers batting - Pitching for Tennessee Smokies : RHP Bob Gilliam
|
|
Batting: LHB Miguel Medina
|
0-0: Ground out 6-3 (Groundball, 6, EV 79.4 MPH)
|
|
Batting: RHB Koen van Oort
|
0-0: Called Strike 0-1: Swinging Strike 0-2: Strikes out swinging
|
|
Batting: RHB Billy Valadez
|
0-0: Called Strike 0-1: SINGLE (Flyball, 89S, EV 95.0 MPH)
|
|
Batting: RHB Steve Haskins
|
0-0: Called Strike 0-1: Ball 1-1: Swinging Strike 1-2: Strikes out swinging
|
| Top of the 4th over - 0 runs, 1 hit, 0 errors, 1 left on base; Tulsa 5 - Tennessee 0 |
| BOTTOM OF THE 4TH |
|
Tennessee Smokies batting - Pitching for Tulsa Drillers : RHP Eddie Usrey
|
|
Batting: LHB Brian Newton
|
0-0: Called Strike 0-1: Ground out 4-3 (Groundball, 4, EV 81.9 MPH)
|
|
Batting: RHB Bobby Gray
|
0-0: Ball 1-0: Foul Ball, location: 2F 1-1: Ball 2-1: Foul Ball, location: 2F 2-2: SINGLE (Groundball, 6MD, EV 106.3 MPH)
|
|
Batting: RHB Heitaro Tanaka
|
0-0: Ball 1-0: Ball 2-0: Ball 3-0: Base on Balls Bobby Gray to second
|
|
Batting: RHB Heef Harted
|
0-0: Grounds into double play, 5-4-3 (Groundball, 56, EV 100.6 MPH)
|
| Bottom of the 4th over - 0 runs, 1 hit, 0 errors, 1 left on base; Tulsa 5 - Tennessee 0 |
| TOP OF THE 5TH |
|
Tulsa Drillers batting - Pitching for Tennessee Smokies : RHP Bob Gilliam
|
|
Batting: RHB Jesse White
|
0-0: Ball 1-0: Called Strike 1-1: Foul Ball, location: 2F 1-2: Ball 2-2: Ball 3-2: Strikes out swinging
|
|
Batting: LHB Nick McGraw
|
0-0: Called Strike 0-1: Ball 1-1: Fly out, F9 (Flyball, 9, EV 90.0 MPH)
|
|
Batting: RHB Blake Beale
|
0-0: Foul Ball, location: 2F 0-1: Swinging Strike 0-2: Ball 1-2: Foul Ball, location: 2F 1-2: Foul Ball, location: 2F 1-2: Strikes out swinging
|
| Top of the 5th over - 0 runs, 0 hits, 0 errors, 0 left on base; Tulsa 5 - Tennessee 0 |
| BOTTOM OF THE 5TH |
|
Tennessee Smokies batting - Pitching for Tulsa Drillers : RHP Eddie Usrey
|
|
Batting: RHB Brian Warren
|
0-0: Ball 1-0: Called Strike 1-1: Called Strike 1-2: Ball 2-2: Strikes out swinging
|
|
Batting: RHB Vij Ramamani
|
0-0: Called Strike 0-1: Ball 1-1: Ball 2-1: Called Strike 2-2: Strikes out looking
|
|
Batting: RHB John Iddings
|
0-0: Called Strike 0-1: Ball 1-1: Ball 2-1: Foul Ball, location: 2F 2-2: DOUBLE (Flyball, 8RD, EV 90.0 MPH)
|
|
Batting: LHB Brent Dutcher
|
0-0: Ball 1-0: Foul Ball, location: 2F 1-1: Called Strike 1-2: Foul Ball, location: 2F 1-2: Foul Ball, location: 2F 1-2: Foul Ball, location: 2F 1-2: Foul Ball, location: 2F 1-2: Ball 2-2: Foul Ball, location: 2F 2-2: 2-RUN HOME RUN (Flyball, 9LD, EV 95.0 MPH), Distance : 351 ft
|
|
Batting: RHB Adam Kelliher
|
0-0: SINGLE (Groundball, 25, EV 66.9 MPH) (infield hit)
|
|
Pitching: RHP Steve Mintz
|
|
|
Batting: LHB Brian Newton
|
0-0: Called Strike 0-1: Foul Ball, location: 2F 0-2: Ball 1-2: Fly out, F6 (Line Drive, 6, EV 68.1 MPH)
|
| Bottom of the 5th over - 2 runs, 3 hits, 0 errors, 1 left on base; Tulsa 5 - Tennessee 2 |
| TOP OF THE 6TH |
|
Tulsa Drillers batting - Pitching for Tennessee Smokies : RHP Bob Gilliam
|
|
Batting: RHB Dave Cordero
|
0-0: Ball 1-0: Foul Ball, location: 2F 1-1: Swinging Strike 1-2: Ball 2-2: Ball 3-2: Base on Balls
|
|
Batting: SHB Xavier Alaniz
|
0-0: Foul Ball, location: 2F 0-1: Ball 1-1: Ball 2-1: Called Strike 2-2: Strikes out swinging
|
|
Batting: LHB Miguel Medina
|
0-0: Ball 1-0: Foul Ball, location: 2F 1-1: Swinging Strike 1-2: Strikes out swinging
|
|
Batting: RHB Koen van Oort
|
0-0: Ball 1-0: Fielders Choice at 2nd, 5-4 (Groundball, 56, EV 85.6 MPH)
|
| Top of the 6th over - 0 runs, 0 hits, 0 errors, 1 left on base; Tulsa 5 - Tennessee 2 |
| BOTTOM OF THE 6TH |
|
Tennessee Smokies batting - Pitching for Tulsa Drillers : RHP Steve Mintz
|
|
Batting: RHB Bobby Gray
|
0-0: Called Strike 0-1: Fly out, F8 (Flyball, 89M, EV 85.0 MPH)
|
|
Batting: RHB Heitaro Tanaka
|
0-0: Ball 1-0: Ball 2-0: Ball 3-0: Called Strike 3-1: Called Strike 3-2: Strikes out swinging
|
|
Batting: RHB Heef Harted
|
0-0: Ball 1-0: Ball 2-0: Ball 3-0: Base on Balls
|
|
Batting: RHB Brian Warren
|
0-0: Called Strike 0-1: Ball 1-1: Swinging Strike 1-2: Ball Heef Harted steals 2nd base 2-2: Strikes out swinging
|
| Bottom of the 6th over - 0 runs, 0 hits, 0 errors, 1 left on base; Tulsa 5 - Tennessee 2 |
| TOP OF THE 7TH |
|
Tulsa Drillers batting - Pitching for Tennessee Smokies : RHP Bob Gilliam
|
|
Batting: RHB Billy Valadez
|
0-0: Ball 1-0: Foul Ball, location: 2F 1-1: SOLO HOME RUN (Flyball, 7LD, EV 98.8 MPH), Distance : 358 ft
|
|
Batting: RHB Steve Haskins
|
0-0: Ball 1-0: Ball 2-0: Called Strike 2-1: Ground out 5-3 (Groundball, 56S, EV 68.1 MPH)
|
|
Batting: RHB Jesse White
|
0-0: Fly out, F7 (Flyball, 78D, EV 90.0 MPH)
|
|
Batting: LHB Nick McGraw
|
0-0: Ball 1-0: Ball 2-0: Fly out, F8 (Line Drive, 8RM, EV 90.6 MPH)
|
| Top of the 7th over - 1 run, 1 hit, 0 errors, 0 left on base; Tulsa 6 - Tennessee 2 |
| BOTTOM OF THE 7TH |
|
Tennessee Smokies batting - Pitching for Tulsa Drillers : RHP Steve Mintz
|
|
Pitching: RHP Luis Lorez
|
|
|
Batting: RHB Vij Ramamani
|
0-0: Ground out 4-3 (Groundball, P, EV 85.6 MPH)
|
|
Batting: RHB John Iddings
|
0-0: Called Strike 0-1: Ball 1-1: Ball 2-1: Ground out 6-3 (Groundball, 6, EV 108.8 MPH)
|
|
Batting: LHB Brent Dutcher
|
0-0: Ball 1-0: Swinging Strike 1-1: Fly out, F9 (Flyball, 9, EV 85.6 MPH)
|
| Bottom of the 7th over - 0 runs, 0 hits, 0 errors, 0 left on base; Tulsa 6 - Tennessee 2 |
| TOP OF THE 8TH |
|
Tulsa Drillers batting - Pitching for Tennessee Smokies : RHP Bob Gilliam
|
|
Batting: RHB Blake Beale
|
0-0: Ball 1-0: Called Strike 1-1: Ball 2-1: Ground out 1-3 (Groundball, P, EV 65.0 MPH)
|
|
Batting: RHB Dave Cordero
|
0-0: Ball 1-0: Called Strike 1-1: Fly out, F9 (Flyball, 9, EV 85.0 MPH)
|
|
Pitching: RHP Chris Rosinsky
|
|
|
Batting: SHB Xavier Alaniz
|
0-0: SOLO HOME RUN (Flyball, 9LD, EV 93.1 MPH), Distance : 341 ft
|
|
Batting: LHB Miguel Medina
|
0-0: Foul Ball, location: 2F 0-1: Called Strike 0-2: Foul Ball, location: 2F 0-2: Ball 1-2: Ball 2-2: Foul Ball, location: 2F 2-2: Foul Ball, location: 2F 2-2: Foul Ball, location: 2F 2-2: Hit by Pitch
|
|
Batting: RHB Koen van Oort
|
0-0: Ball 1-0: Foul Ball, location: 2F 1-1: Called Strike 1-2: Fielders Choice at 2nd, 6-4 (Groundball, 6, EV 101.9 MPH)
|
| Top of the 8th over - 1 run, 1 hit, 0 errors, 1 left on base; Tulsa 7 - Tennessee 2 |
| BOTTOM OF THE 8TH |
|
Tennessee Smokies batting - Pitching for Tulsa Drillers : RHP Luis Lorez
|
|
Batting: RHB Adam Kelliher
|
0-0: Called Strike 0-1: TRIPLE (Flyball, 78XD, EV 97.5 MPH)
|
|
Batting: LHB Brian Newton
|
0-0: Ground out 4-3 (Groundball, 4, EV 101.3 MPH) Adam Kelliher scores
|
|
Batting: RHB Bobby Gray
|
0-0: Swinging Strike 0-1: Ball 1-1: Swinging Strike 1-2: Foul Ball, location: 2F 1-2: Foul Ball, location: 2F 1-2: Ground out 6-3 (Groundball, 56D, EV 106.9 MPH)
|
|
Batting: RHB Heitaro Tanaka
|
0-0: Foul Ball, location: 2F 0-1: Swinging Strike 0-2: Ball 1-2: Foul Ball, location: 2F 1-2: Foul Ball, location: 2F 1-2: Ball 2-2: Ball 3-2: Fly out, F8 (Flyball, 8LD, EV 95.0 MPH)
|
| Bottom of the 8th over - 1 run, 1 hit, 0 errors, 0 left on base; Tulsa 7 - Tennessee 3 |
| TOP OF THE 9TH |
|
Tulsa Drillers batting - Pitching for Tennessee Smokies : RHP Chris Rosinsky
|
|
Batting: RHB Billy Valadez
|
0-0: Ball 1-0: Ball 2-0: Ball 3-0: Called Strike 3-1: Foul Ball, location: 2F 3-2: SINGLE (Groundball, 34D, EV 98.8 MPH)
|
|
Batting: RHB Steve Haskins
|
0-0: Ball 1-0: Bunt missed! Balk! Billy Valadez to second 1-1: Bunted foul 1-2: Ball 2-2: Ground out 5-3 (Groundball, 56, EV 93.1 MPH)
|
|
Batting: RHB Jesse White
|
0-0: Called Strike 0-1: 2-RUN HOME RUN (Line Drive, 9D, EV 98.8 MPH), Distance : 381 ft
|
|
Batting: LHB Nick McGraw
|
0-0: Called Strike 0-1: Fly out, F9 (Flyball, 9D, EV 101.3 MPH)
|
|
Batting: RHB Blake Beale
|
0-0: Ground out 6-3 (Groundball, 6, EV 92.5 MPH)
|
| Top of the 9th over - 2 runs, 2 hits, 0 errors, 0 left on base; Tulsa 9 - Tennessee 3 |
| BOTTOM OF THE 9TH |
|
Tennessee Smokies batting - Pitching for Tulsa Drillers : RHP Luis Lorez
|
|
Batting: RHB Heef Harted
|
0-0: Called Strike 0-1: Swinging Strike 0-2: Ball 1-2: Ball 2-2: SINGLE (Groundball, 6D, EV 98.1 MPH)
|
|
Pitching: LHP Antonio Villarreal
|
|
|
Batting: RHB Brian Warren
|
0-0: Called Strike 0-1: Foul Ball, location: 2F 0-2: Ball 1-2: Ball 2-2: Strikes out swinging
|
|
Batting: RHB Vij Ramamani
|
0-0: Foul Ball, location: 2F 0-1: Grounds into double play, 5-4-3 (Groundball, 56, EV 103.1 MPH)
|
| Bottom of the 9th over - 0 runs, 1 hit, 0 errors, 0 left on base; Tulsa 9 - Tennessee 3 |
|